Map: King Sejong Station LE

Players

blackxored - Winner!

  • Race: Zerg Zerg
  • League: Platinum

Bobko

  • Race: Protoss Protoss
  • League: Platinum

VOD

Have the link to the VOD?

Description

Time

  • Played on: June 30, 2016, 5:17 a.m.
  • Length: 9:44
Show
View Real Time Build Order
Export as new Build Order

blackxored Zerg - Winner!

Build Orders: 3 Hatch before Pool 

Get SALT Encoding   

  12  0:01  Drone  
  13  0:08  Drone  
  14  0:19  Overlord  
  14  0:22  Extractor  
  14  0:23  Drone  
  15  0:39  Drone x2  
  17  0:53  Hatchery  
  17  0:56  Drone  
  17  1:20  Drone  
  17  1:22  Drone  
  17  1:23  Hatchery  
  18  1:35  Extractor  
  18  1:37  Spawning Pool  
  18  1:39  Drone  
  17  1:42  Drone  
  17  1:46  Drone  
  19  1:59  Drone  
  20  2:08  Drone x2  
  22  2:17  Drone x2  
  24  2:24  Queen  
  24  2:25  Queen  
  28  2:30  Overlord  
  28  2:35  Queen  
  30  2:41  Metabolic Boost  
  30  2:44  Zergling x2  
  30  2:46  Zergling x2  
  32  2:53  Drone x2  
  32  2:54  Drone  
  32  2:56  Zergling x2  
  36  2:59  Zergling x2  
  37  3:12  Pneumatized Carapace  
  37  3:15  Drone x4  
  37  3:16  Drone  
  42  3:20  Overlord  
  42  3:32  Overlord  
  42  3:39  Drone x5  
  42  3:40  Drone x2  
  49  3:44  Extractor x2  
  47  3:50  Drone x3  
  47  3:53  Drone  
  47  3:54  Drone  
  47  3:55  Extractor  
  51  3:56  Drone  
  51  3:58  Extractor  
  51  4:00  Extractor  
  51  4:01  Drone  
  51  4:10  Drone x3  
  51  4:11  Roach Warren  
  51  4:12  Drone  
  51  4:14  Drone  
  51  4:15  Drone  
  51  4:16  Drone  
  57  4:20  Overlord  
  57  4:31  Drone  
  57  4:34  Overlord x3  
  58  4:44  Overlord  
  58  4:47  Drone  
  58  4:48  Drone  
  58  4:51  Roach x2  
  64  5:01  Roach  
  64  5:02  Roach x6  
  64  5:04  Roach  
  79  5:13  Roach x3  
  85  5:19  Roach x3  
  91  5:22  Overlord  
  93  5:35  Roach  
  93  5:36  Roach x2  
  97  5:43  Roach x4  
  97  5:44  Overlord  
  105  6:00  Overlord x2  
  105  6:14  Ravager x5  
  105  6:15  Ravager x3  
  105  6:18  Overlord x3  
  113  6:20  Roach x5  
  123  6:28  Roach  
  123  6:29  Roach x2  
  128  6:37  Roach x4  
  136  6:43  Overlord  
  136  6:45  Roach x2  
  140  6:50  Lair  
  140  6:54  Ravager  
  140  6:55  Ravager x5  
  140  6:56  Ravager  
  140  6:57  Ravager x2  
  140  6:58  Ravager  
  140  6:59  Ravager  
  140  7:00  Ravager  
  140  7:01  Ravager  
  153  7:02  Ravager  
  154  7:21  Roach x3  
  148  7:33  Roach  
  148  7:34  Roach x8  
  142  7:44  Roach x4  
  142  7:48  Glial Reconstitution  
  142  7:51  Ravager x4  
  148  7:55  Ravager  
  131  8:13  Roach  
  131  8:14  Roach x7  
  140  8:28  Roach x4  
  140  8:30  Overseer  
  148  8:45  Roach x4  
  148  8:46  Roach x3  
  160  9:06  Roach  
  159  9:16  Roach x5  
  159  9:17  Roach x4  
Show
View Real Time Build Order
Export as new Build Order

Bobko Protoss 

Build Orders: 1 Gate Expand 

Get SALT Encoding   

  12  0:01  Probe (Chrono Boost)  
  13  0:11  Probe (Chrono Boost)  
  14  0:17  Pylon  
  14  0:22  Probe (Chrono Boost)  
  15  0:36  Probe (Chrono Boost)  
  15  0:38  Gateway  
  16  0:46  Probe (Chrono Boost)  
  16  0:47  Assimilator  
  18  0:57  Probe (Chrono Boost)  
  18  1:07  Probe (Chrono Boost)  
  19  1:28  Nexus  
  19  1:39  Cybernetics Core  
  19  1:43  Probe (Chrono Boost)  
  20  1:50  Assimilator  
  20  1:54  Probe (Chrono Boost)  
  21  1:58  Pylon  
  21  2:04  Probe (Chrono Boost)  
  22  2:20  Robotics Facility, Probe (Chrono Boost)  
  23  2:28  Pylon  
  23  2:30  Mothership Core (Chrono Boost)  
  23  2:35  Adept (Chrono Boost)  
  27  2:38  Warp Gate  
  27  2:42  Probe  
  28  2:51  Probe  
  29  2:52  Probe  
  30  3:01  Assimilator  
  30  3:03  Probe  
  31  3:06  Twilight Council  
  31  3:10  Observer (Chrono Boost), Probe  
  33  3:15  Probe  
  34  3:21  Probe  
  35  3:27  Probe  
  35  3:29  Pylon  
  35  3:33  Gateway, Probe  
  36  3:39  Probe  
  38  3:50  Immortal (Chrono Boost)  
  38  3:52  Probe  
  38  3:53  Probe  
  44  4:04  Probe  
  44  4:05  Probe  
  44  4:07  Gateway  
  50  4:24  Charge  
  50  4:25  Immortal (Chrono Boost)  
  50  4:34  Probe  
  51  4:46  Forge  
  51  4:49  Gateway, Pylon  
  51  4:53  Gateway  
  51  4:58  Pylon  
  51  4:59  Sentry  
  53  5:00  Sentry  
  53  5:03  Immortal (Chrono Boost)  
  53  5:06  Sentry  
  61  5:15  Protoss Ground Weapons Level 1 (Chrono Boost)  
  61  5:25  Gateway  
  61  5:27  Gateway  
  61  5:31  Gateway  
  61  5:35  Zealot  
  63  5:38  Warp Prism (Chrono Boost)  
  65  5:48  Zealot x2  
  69  6:02  Zealot x3  
  69  6:03  Pylon  
  75  6:05  Pylon  
  75  6:07  Pylon  
  75  6:14  Zealot  
  77  6:19  Pylon  
  77  6:29  Zealot  
  77  6:30  Zealot x3  
  85  6:48  Zealot  
  85  6:49  Zealot x3  
  93  7:07  Pylon, Zealot x4  
  101  7:09  Pylon  
  65  7:38  Zealot  
  65  7:39  Zealot x7  
  81  7:50  Probe x2  
  83  7:55  Nexus  
  83  8:04  Sentry x3  
  64  8:34  Zealot x6  
  64  8:35  Zealot x2  
  80  8:42  Stargate  
  80  8:47  Stargate  
  80  8:59  Zealot x7  
  94  9:04  Probe x2  
  68  9:22  Zealot x5  
Tags
 
Add a new tag
Caveats
  • Supply blocks, unpowered buildings, or Contaminate may cause inaccurate times.
  • Supply counts are checked every 10 seconds.